AoeStats
← Fighter

Black Forest

507079409Analyzed
4v4 RM · 15d ago on Sep 16, 2026· 44m 50s· 8 players
Game mode
Random Map
Map size
Large (8 player)
Population
200
Speed
Normal
Resources
Standard
Victory
Conquest
Starting age
Dark Age
Ending age
Imperial Age
RankedLock teamsTeams togetherTeam positionsShared explorationLock speedFull tech treeHidden civsTurbo modeCheats
Victory
Defeat
🇺🇸 Khitans · United States
1210
+11
🇮🇳 Italians · India
1128
+14
🇺🇸 Mongols · United States
1115
+15
🇺🇸 Tatars · United States
1063
+16
🇺🇸 Wu · United States
1118
-15
🇨🇳 Japanese · China
1117
-15
🇺🇸 Georgians · United States
1088
-14
🇩🇪 Jurchens · Germany
1038
-12
Fighter
2:14 Loom
12:33 Feudal Age
15:15 Wheelbarrow
15:36 Double-Bit Axe
16:13 Double-Bit Axe
18:46 Castle Age
16:39 Gold Mining
16:56 Fishing Lines
19:16 Bloodlines
19:17 Forging
19:13 Scale Barding Armor
19:31 Husbandry
20:11 Bow Saw
19:52 Light Cavalry
20:57 Fletching
23:20 Bodkin Arrow
25:42 Treadmill Crane
26:23 Ballistics
26:02 Murder Holes
26:27 Gillnets
28:01 Horse Collar
29:22 Hand Cart
30:17 Iron Casting
29:56 Masonry
30:09 Stone Mining
31:23 Gold Shaft Mining
32:14 Chain Barding Armor
32:57 Scale Mail Armor
33:10 Fortified Wall
33:41 Caravan
34:23 Chain Mail Armor
35:19 Heavy Plow
38:40 Imperial Age
35:55 Town Watch
36:16 Elite Skirmisher
38:00 Fortified Bastions
39:25 Siege Engineers
39:55 Conscription
40:38 Blast Furnace
41:01 Plate Barding Armor
41:34 Chemistry
40:07 Heavy Rocket Cart
40:47 Hussar
42:04 Hoardings
41:45 Pikeman
43:05 Town Patrol
44:44 Halberdier
45:25 Squires
...
0:28 Loom
11:32 Feudal Age
12:02 Man-at-Arms
12:33 Double-Bit Axe
12:55 Arson
17:55 Horse Collar
20:00 Scale Mail Armor
21:52 Wheelbarrow
22:07 Forging
27:38 Castle Age
26:01 Gold Mining
26:03 Stone Mining
29:07 Bow Saw
29:36 Stone Shaft Mining
29:08 Heavy Plow
30:04 Hand Cart
33:40 Gold Shaft Mining
36:37 Imperial Age
34:29 Squires
37:05 Chain Mail Armor
Onager try again
0:38 Loom
12:03 Feudal Age
12:47 Horse Collar
12:54 Double-Bit Axe
21:48 Castle Age
28:02 Caravan
34:36 Imperial Age
32:25 Heavy Plow
32:41 Bow Saw
33:27 Svan Towers
33:18 Fletching
34:21 Bodkin Arrow
35:17 Wheelbarrow
34:32 Town Watch
36:21 Chemistry
35:49 Conscription
36:19 Onager
38:34 Guard Tower
38:28 Treadmill Crane
40:19 Conscription
42:07 Bracer
42:08 Padded Archer Armor
好邻居
1:27 Loom
13:07 Feudal Age
13:55 Double-Bit Axe
14:05 Gold Mining
14:02 Man-at-Arms
14:52 Arson
15:56 Wheelbarrow
18:51 Forging
25:11 Castle Age
23:38 Horse Collar
23:50 Stone Mining
26:09 Bow Saw
26:00 Heavy Plow
26:36 Gold Shaft Mining
33:48 Hand Cart
38:28 Imperial Age
36:09 Scale Mail Armor
36:39 Town Watch
36:32 Pikeman
37:18 Squires
38:41 Elite Skirmisher
41:15 Two-Man Saw
40:53 Iron Casting
40:08 Fletching
40:19 Padded Archer Armor
39:48 Halberdier
41:40 Chain Mail Armor
41:48 Conscription
41:42 Thumb Ring
Delicious Tuna
0:51 Loom
12:50 Feudal Age
13:22 Man-at-Arms
14:59 Arson
22:07 Double-Bit Axe
27:47 Castle Age
26:26 Scale Barding Armor
26:36 Forging
26:18 Horse Collar
27:51 Fletching
28:40 Bodkin Arrow
28:47 Padded Archer Armor
29:40 Bloodlines
29:30 Husbandry
33:39 Bow Saw
37:17 Ballistics
43:58 Imperial Age
42:05 Wheelbarrow
41:16 Town Watch
41:48 Leather Archer Armor
opportunity
0:35 Loom
14:30 Feudal Age
19:27 Castle Age
18:56 Double-Bit Axe
24:25 Bow Saw
28:31 Fishing Lines
30:51 Domestication
33:21 Wheelbarrow
34:43 Pastoralism
35:21 Hand Cart
35:28 Gillnets
35:56 Gold Mining
35:57 Stone Mining
39:02 Imperial Age
37:29 Stone Shaft Mining
38:16 Scale Barding Armor
38:21 Forging
38:49 Husbandry
39:16 Chain Barding Armor
39:12 Town Watch
39:18 Elite Steppe Lancer
40:17 Treadmill Crane
41:00 Ballistics
41:30 Plate Barding Armor
41:18 Conscription
43:32 Two-Man Saw
43:40 Iron Casting
44:58 Ordo Cavalry
MarCus111
0:27 Loom
10:58 Feudal Age
15:32 Castle Age
13:45 Double-Bit Axe
13:42 Horse Collar
14:48 Stone Mining
16:57 Forging
17:06 Bow Saw
19:15 Heavy Plow
19:11 Gold Mining
25:02 Wheelbarrow
26:16 Fletching
30:57 Imperial Age
28:36 Bodkin Arrow
28:44 Padded Archer Armor
29:55 Hand Cart
30:27 Gold Shaft Mining
30:37 Leather Archer Armor
32:04 Stone Shaft Mining
31:40 Bracer
32:32 Conscription
31:40 Capped Ram
32:53 Ballistics
32:49 Siege Ram
34:04 Husbandry
34:16 Bloodlines
34:34 Parthian Tactics
34:44 Elite Mangudai
36:00 Caravan
37:06 Drill
37:41 Scale Barding Armor
39:48 Chemistry
38:44 Murder Holes
38:55 Siege Engineers
39:44 Nomads
40:20 Hoardings
43:35 Fervor
43:38 Forging
43:48 Chain Barding Armor
TigerOfThanjai
3:38 Loom
4:02 Loom
10:04 Feudal Age
16:12 Castle Age
14:12 Double-Bit Axe
15:29 Stone Mining
17:16 Wheelbarrow
21:44 Fletching
22:33 Horse Collar
25:20 Bow Saw
28:07 Heavy Plow
31:03 Imperial Age
29:03 Treadmill Crane
30:21 Hand Cart
30:49 Bodkin Arrow
31:17 Ballistics
31:35 Padded Archer Armor
33:00 Chemistry
32:26 Conscription
32:41 Gold Mining
33:16 Bracer
33:29 Masonry
33:07 Town Watch
34:22 Leather Archer Armor
35:31 Two-Man Saw
34:30 Murder Holes
35:52 Ring Archer Armor
35:48 Elite Genoese Crossbowman
Connection lost

Rejoining the realm…

Still unreachable

The connection could not be restored.

Session expired

The server has moved on; the page needs a fresh start.